 Dungeon Crawl Stone Soup version 0.30-a0-279-g4b46babb21 (webtiles) character file.

Game seed: 13410061677184571675

209 ReploidZero the Shooter (level 5, 0/32 HPs)
             Began as a Tengu Hunter on Oct 16, 2022.
             Slain by a black bear (1 damage)
             ... on level 4 of the Dungeon.
             The game lasted 00:03:03 (2689 turns).

ReploidZero the Shooter (Tengu Hunter)              Turns: 2689, Time: 00:03:04

Health: 0/32       AC:  4    Str: 11    XL:     5   Next: 87%
Magic:  6/6        EV: 16    Int:  9    God:
Gold:   261        SH:  0    Dex: 20    Spells: 4/4 levels left

rFire   . . .      SeeInvis .    a - +0 shortbow (freeze)
rCold   . . .      Faith    .    (shield currently unavailable)
rNeg    . . .      Spirit   .    c - +0 leather armour
rPois   .          Reflect  .    (helmet restricted)
rElec   .          Harm     .    (no cloak)
rCorr   .          Rampage  .    d - +0 pair of gloves
Will    .....                    (boots unavailable)
Stlth   ++........               (no amulet)
HPRegen 0.25/turn                (no ring)
MPRegen 0.10/turn                (no ring)

@: flying quickly and evasively, quick
A: beak, talons 3, nimble flight
a: no special abilities


You were on level 4 of the Dungeon.
You visited 1 branch of the dungeon, and saw 4 of its levels.

You collected 261 gold pieces.

Inventory:

Hand Weapons
 a - a +0 shortbow of freezing (weapon)
Missiles
 u - 4 silver javelins
Armour
 c - a +0 leather armour (worn)
 d - a +0 pair of gloves (worn)
Jewellery
 m - an amulet of magic regeneration
Wands
 o - a wand of flame (13)
Scrolls
 b - a scroll of immolation
 f - a scroll of identify
 h - a scroll of magic mapping
 i - 3 scrolls of fear
 l - a scroll of brand weapon
Potions
 e - 2 potions of brilliance
 g - a potion of attraction {unknown}
 k - a potion of invisibility
 n - 2 potions of mutation
 q - a potion of curing
 r - a potion of heal wounds
 s - a potion of degeneration {unknown}


   Skills:
 + Level 3.6 Fighting
 + Level 5.6 Ranged Weapons
 + Level 4.0 Dodging
 - Level 1.4 Stealth


You had 4 spell levels left.
You didn't know any spells.
Your spell library contained the following spells:

 Spells                   Type           Power      Damage    Failure   Level
 Ensorcelled Hibernation  Hex/Ice        0%         N/A       63%         2
 Ignite Poison            Fire/Tmut/Pois 0%         N/A       85%         3
 Spider Form              Tmut/Pois      0%         N/A       85%         3
 Summon Guardian Golem    Hex/Summ       0%         N/A       85%         3
 Anguish                  Hex/Necr       0%         N/A       99%         4
 Sticky Flame             Conj/Fire      0%         2d3       99%         4
 Orb of Destruction       Conj           0%         9d5       100%        7
 Spellforged Servitor     Conj/Summ      0%         N/A       100%        7
 Ignition                 Fire           0%         3d3       100%        8


Dungeon Overview and Level Annotations

Branches:
Dungeon (4/15)
 Temple: D:4-7

Altars:
Dithmenos
Hepliaklqana
Uskayaw

Annotations:
D:2 1 runed translucent door, Crazy Yiuf


Innate Abilities, Weirdness & Mutations

You have a beak for a mouth.
You have claws for feet.
Your magical nature lets you fly swiftly and evasively.


Message History

No target in view!
Found a shadowy altar of Dithmenos.
You see here a +0 rapier.
You now have 245 gold pieces (gained 4).
You now have 261 gold pieces (gained 16).
g - an orange potion A black bear comes into view.
A black bear is nearby!
You shoot an arrow. The arrow hits the black bear.
The arrow freezes the black bear.
The black bear growls angrily.
The black bear is moderately wounded.
You shoot an arrow.
The arrow closely misses the black bear.
You shoot an arrow. The arrow hits the black bear!
The arrow freezes the black bear.
The black bear is severely wounded.
You shoot an arrow. The arrow hits the black bear.
The arrow freezes the black bear.
The black bear is almost dead.
The black bear goes berserk!
You shoot an arrow. The arrow hits the black bear.
The arrow freezes the black bear.
The black bear is almost dead.
You shoot an arrow.
The arrow hits the black bear but does no damage.
The black bear is almost dead.
The black bear bites you. The black bear claws you. x2
You shoot an arrow.
The arrow completely misses the black bear.
The black bear bites you! The black bear claws you.
* * * LOW HITPOINT WARNING * * *
The black bear closely misses you. The black bear misses you.
The black bear closely misses you.
The black bear claws you but does no damage.
The black bear attacks as you move away!
The black bear barely misses you. The black bear claws you.
* * * LOW HITPOINT WARNING * * *
The black bear claws you.
You die...

*
*,,,,***,,,,,,*#.#*########****
***,*,,,,,......*#.# #......#
,,,,,,,,,,,.....##.# #......#
**********,,.......# #...)..#
*,,,....#.# #......#
*******,,,,...#.###......#
*,,,,,,,,,,,..#..........#
*,,,,,,,,***#h#.##.......#
*,,,,,,,,* #@#.##.......#
********** #...##.....#######
#.####...#..#..... ##.#
#...##.[..... #..##
######....... #####...###
##...... #.....#§..#### #..†#..
#.§..§.§)..).# #...#..
#..§≈.≈§≈≈≈§.# #...###


You could see a black bear (berserk).

Vanquished Creatures
  A phantom (D:4)
  Terence (D:2)
  An iguana (D:4)
  An adder (D:3)
  5 worms
  3 orcs (D:3)
  9 endoplasms
  3 giant cockroaches
  3 goblins
  6 hobgoblins
  A jackal (D:3)
  5 quokkas
  4 ball pythons
  A bat (D:2)
  2 frilled lizards
  8 kobolds
  5 rats
59 creatures vanquished.

Notes
Turn   | Place    | Note
-------+----------+-------------------------------------------
     0 | D:1      | ReploidZero the Tengu Hunter began the quest for the Orb.
     0 | D:1      | Reached XP level 1. HP: 12/12 MP: 2/2
   262 | D:1      | Reached XP level 2. HP: 8/17 MP: 3/3
   725 | D:2      | Noticed Terence
   737 | D:2      | Killed Terence
   738 | D:2      | Reached XP level 3. HP: 9/22 MP: 4/4
   902 | D:2      | Reached XP level 4. HP: 26/27 MP: 5/5
  1049 | D:2      | Found a hazy altar of Hepliaklqana.
  1212 | D:2      | Found a runed translucent door.
  1213 | D:2      | Noticed Crazy Yiuf
  1405 | D:3      | Reached skill level 5 in Ranged Weapons
  2029 | D:3      | Found a faded altar of an unknown god.
  2408 | D:4      | Gained mutation: Your magical nature lets you fly swiftly
                  | and evasively. [Tengu growth]
  2408 | D:4      | Reached XP level 5. HP: 32/32 MP: 6/6
  2519 | D:4      | Found a hide-covered altar of Uskayaw.
  2587 | D:4      | Noticed a phantom
  2599 | D:4      | Killed a phantom
  2634 | D:4      | Found a shadowy altar of Dithmenos.
  2681 | D:4      | Noticed a black bear
  2689 | D:4      | HP: 1/32 [black bear (6)]
  2689 | D:4      | Slain by a black bear

Illustrated notes

Levels and vault maps discovered:
D:1:      dpeg_arrival_three_bigger_balls, layout_loops_ring,
          hangedman_decor_push, minmay_misc_feat_roman
D:2:      layout_basic, basic_altar, uniq_crazy_yiuf_cottage, uniq_terence
D:3:      layout_basic, hellmonk_ecumenical_altar_crossroads,
          serial_bayou_lagoon_a, hangedman_decor_slide_cut,
          minmay_misc_feat_five, dk_noncrumbling_3, reono_crystal_passage,
          kennysheep_generic_room_3
D:4:      layout_basic, mainiacjoe_overflow_surrounded_room,
          mainiacjoe_overflow_concentric_impassable, minmay_stone_trees_small

Skill      XL: |  1  2  3  4  5 |
---------------+----------------+-----
Dodging        | 3 4 |  4.0
Ranged Weapons | 5 |  5.6
Fighting       | 3 |  3.6
Stealth        | |  1.4

Action                   |  1- 3 |  4- 6 || total
-------------------------+-------+-------++-------
 Fire: Shortbow          |    77 |   109 ||   186
  Use: Scroll            |       |    12 ||    12
Armor: Leather armour    |     8 |    10 ||    18
Dodge: Dodged            |    25 |    26 ||    51

Table legend: (Time is in decaauts)
 A = Elapsed time spent in this place.
 B = Non-inter-level travel time spent in this place.
 C = Inter-level travel time spent in this place.
 D = Time resting spent in this place.
 E = Time spent auto-exploring this place.
 F = Levels seen in this place.
 G = Mean time per level.
                   A        B        C        D        E       F      G
               +--------+--------+--------+--------+--------+-----+--------+
         Total |   2724 |   2675 |     49 |      0 |   2282 |   4 |  681.0 |
       Dungeon |   2724 |   2675 |     49 |      0 |   2282 |   4 |  681.0 |
               +--------+--------+--------+--------+--------+-----+--------+

Top non-repeatable levels by time:
     D:3: 1064 daAuts
     D:1: 698 daAuts
     D:2: 661 daAuts
     D:4: 300 daAuts
